 Dungeon Sprint DCSS version 0.20.1-1-g8b1a95d (webtiles) character file.

623 wojtek the Cleaver (level 7, 0/69 HPs)
             Began as a Minotaur Berserker on Dec 28, 2017.
             Was a Priest of Trog.
             Slain by Sonja
             ... wielding a +2 dagger of draining
              (4 damage)
             ... in the Dungeon (Sprint I: "Red Sonja").
             The game lasted 00:01:39 (860 turns).

wojtek the Cleaver (Minotaur Berserker)              Turns: 860, Time: 00:01:39

Health: 0/69       AC:  6    Str: 24    XL:     7   Next: 22%
Magic:  6/6        EV:  9    Int:  4    God:    Trog [***...]
Gold:   308        SH:  0    Dex:  9    Spells: 6/6 levels left

rFire    . . .     SeeInvis .   a - +0 hand axe
rCold    . . .     Gourm    .   (no shield)
rNeg     . . .     Faith    .   j - +0 scale mail
rPois    .         Spirit   .   (helmet restricted)
rElec    .         Reflect  .   (no cloak)
rCorr    .         Harm     .   (no gloves)
MR       .....     NoTele   +   (no boots)
Stlth    ..........             (no amulet)
Regen    0.3/turn               (no ring)
MPRegen  0.1/turn               (no ring)

@: lethally poisoned (0 -> 0), berserk cooldown, slowed, extremely drained, very
slow
A: retaliatory headbutt, horns 2
a: Berserk, Trog's Hand, Burn Spellbooks, Renounce Religion


You were in the Dungeon.
You worshipped Trog.
Trog was most pleased with you.
You were hungry.

You visited 1 branch You collected 308 gold pieces.

Inventory:

Hand Weapons
 a - a +0 hand axe (weapon)
Armour
 b - a +0 animal skin
 j - a +0 scale mail (worn)
Scrolls
 i - a scroll of blinking
Potions
 d - a potion of curing
 f - a potion of haste
 g - 2 potions of magic
 h - a potion of berserk rage
 k - a potion of invisibility {unknown}
Comestibles
 c - a bread ration
 l - 4 chunks of flesh


   Skills:
 + Level 8.5(0.0) Fighting
 * Level 11.3(0.0) Axes
 * Level 11.0(0.0) Armour
 + Level 7.3(0.0) Dodging


You had 6 spell levels left.
You didn't know any spells.

Dungeon Overview and Level Annotations

Branches:
Dungeon (1/1)

Altars:
Cheibriados
Dithmenos
Elyvilon
Fedhas
Gozag
Hepliaklqana
Kikubaaqudgha
Makhleb
Nemelex Xobeh
Okawaru
Qazlal
Ru
Sif Muna
Trog
Uskayaw
Vehumet
Xom
Yredelemnul
Zin
The Shining One
Jiyva
Lugonu

Shops:
D ?

Annotations:
D Sonja


Innate Abilities, Weirdness & Mutations

You reflexively headbutt those who attack you in melee.
You have a pair of horns on your head.


Message History

You feel drained. Sonja hits you but does no damage.
You feel drained. Sonja hits you but does no damage.
You feel drained.
Sonja hits you with an uncursed dagger of draining.
* * * LOW HITPOINT WARNING * * *
You feel drained.
You completely miss Sonja.
Sonja is heavily wounded.
Sonja hits you but does no damage.
You feel drained. Sonja hits you but does no damage.
You feel drained. Sonja hits you but does no damage.
You feel drained.
Sonja mumbles some strange words.
Sonja blinks!
You feel sick.
Sonja plants her feet in a plie.
There is a deep blue altar of Sif Muna here.
You miss Sonja. Your headbutt misses Sonja.
Sonja is heavily wounded.
You feel sick.
Sonja hits you with an uncursed dagger of draining.
You die...

###################
#<.#..').#..'..#__#
#..').#..').#..'..+
#..#####'#####'#__#
#..####..#...#.####
#..#__####..##.#
#..#_____##'#..+
#⌠⌠#_.∩...÷..K@#
####_..__##_.#+#
#_____###(# #######
#.# +$.$+ #$.$#
##.## #+#


You could see Sonja.

Vanquished Creatures
  A slime creature (D)
  Sigmund (D)
  A yak (D)
  An ogre (D)
  A jelly (D)
  Ijyb (D)
6 creatures vanquished.

Notes
Turn   | Place    | Note
-------+----------+-------------------------------------------
     0 | D        | wojtek the Minotaur Berserker began the quest for the Orb.
     0 | D        | Reached XP level 1. HP: 19/19 MP: 0/0
     1 | D        | Noticed Ijyb
    11 | D        | Killed Ijyb
    11 | D        | Reached skill level 5 in Axes
    11 | D        | Reached XP level 2. HP: 11/28 MP: 1/1
   208 | D        | Noticed an ogre
   213 | D        | HP: 2/42 [ogre/giant club (5)]
   214 | D        | Killed an ogre
   214 | D        | Reached skill level 5 in Fighting
   214 | D        | Reached XP level 3. HP: 3/37 MP: 2/2
   214 | D        | Reached XP level 4. HP: 4/44 MP: 3/3
   491 | D        | Noticed Sigmund
   508 | D        | Killed Sigmund
   508 | D        | Reached ** piety under Trog
   508 | D        | Reached skill level 5 in Dodging
   508 | D        | Reached XP level 5. HP: 33/52 MP: 4/4
   508 | D        | Reached XP level 6. HP: 38/60 MP: 5/5
   521 | D        | Found a burning altar of Makhleb.
   521 | D        | Found a viscous altar of Jiyva.
   521 | D        | Found a shimmering altar of Xom.
   521 | D        | Found a corrupted altar of Lugonu.
   521 | D        | Noticed a slime creature
   530 | D        | Killed a slime creature
   530 | D        | Reached skill level 10 in Axes
   530 | D        | Reached skill level 10 in Armour
   761 | D        | Found a deep blue altar of Sif Muna.
   763 | D        | Found a radiant altar of Vehumet.
   788 | D        | Found Ibycuf's Magic Scroll Emporium.
   788 | D        | Found an ancient bone altar of Kikubaaqudgha.
   788 | D        | Found a hazy altar of Hepliaklqana.
   788 | D        | Found a hide-covered altar of Uskayaw.
   788 | D        | Found a basalt altar of Yredelemnul.
   788 | D        | Found an opulent altar of Gozag.
   788 | D        | Found a snail-covered altar of Cheibriados.
   788 | D        | Found a sacrificial altar of Ru.
   788 | D        | Found a shadowy altar of Dithmenos.
   788 | D        | Noticed a yak
   793 | D        | Killed a yak
   793 | D        | Reached *** piety under Trog
   793 | D        | Reached XP level 7. HP: 60/69 MP: 6/6
   794 | D        | Found a stormy altar of Qazlal.
   794 | D        | Found a blossoming altar of Fedhas.
   794 | D        | Found a bloodstained altar of Trog.
   794 | D        | Found an iron altar of Okawaru.
   794 | D        | Found a glowing golden altar of the Shining One.
   794 | D        | Found a glowing silver altar of Zin.
   794 | D        | Found a white marble altar of Elyvilon.
   797 | D        | Found a sparkling altar of Nemelex Xobeh.
   835 | D        | Noticed Sonja
   860 | D        | Slain by Sonja

Skill      XL: |  1  2  3  4  5  6 |
---------------+-------------------+-----
Fighting       | 4 5 7 8 |  8.5
Axes           | 5 7 9 11 | 11.3
Armour         | 4 6 9 11 | 11.0
Dodging        | 3 4 5 7 |  7.3

Action                   |  1- 3 |  4- 6 |  7- 9 || total
-------------------------+-------+-------+-------++-------
Melee: Hand axe          |    13 |    25 |    13 ||    51
       Headbutt          |     2 |     9 |       ||    11
Invok: Berserk           |     1 |       |     1 ||     2
  Use: Potion            |       |       |     1 ||     1
  Eat: Chunk             |       |       |     1 ||     1
Armor: Scale mail        |       |     5 |    25 ||    30
Dodge: Dodged            |     5 |     8 |    23 ||    36
